 Dungeon Crawl Stone Soup version 0.32-a0-407-g4da7c8d6d1 (webtiles) character file.

Game seed: 4087661244269963887

2497341 Sergey the Convoker (level 27, 210/210 (215) HPs)
             Began as a Coglin Summoner on Feb 19, 2024.
             Was a Priest of Beogh.
             Escaped with the Orb
             ... and 4 runes on Feb 20, 2024!
             The game lasted 03:34:43 (61737 turns).

Sergey the Convoker (Coglin Summoner)              Turns: 61737, Time: 03:34:44

HP:   210/210 (215) AC: 21    Str: 17      XL:     27
MP:   45/45         EV: 27    Int: 29 (31) God:    Beogh [***...]
Gold: 3312          SH:  0    Dex: 26      Spells: 5/62 levels left

rFire   + + .        k - +3 Elemental Staff {ele, rElec rF+ rC+ AC+3}
rCold   + + +        e - staff of Checks and Balances {rElec rPois Str+2 Int+4 Air}
rNeg    + . .        W - +3 troll leather armour {Snorg}
rPois   +            y - +0 helmet of the Doldrums {rCorr Str+5 Dex+3}
rElec   +            B - +0 cloak of Articulation {rF+}
rCorr   +            u - +2 pair of gloves
SInv    .            z - +2 pair of boots {Fly}
Will    +++..        R - amulet of magic regeneration
Stlth   ++           O - ring "Ahodwiet" {rN+ Will+}
HPRegen 1.35/turn    Q - ring "Mestauwe" {rPois rC+ Dex+6}
MPRegen 0.69/turn

%: no passive effects
@: flying, studying 3 skills, lightly drained
A: off-hand wielding, slow wielding, warmup strikes, legs shutdown, thin
skeletal structure 1, cold resistance 1, subdued magic 1
0: Orb of Zot
}: 4/15 runes: barnacled, slimy, silver, gossamer
a: Renounce Religion, Smiting, Recall Apostles, Dismiss Orkwin, warrior, Dismiss
Bogfrid, warrior, Dismiss Bogward, warrior


You escaped.
You worshipped Beogh.
Beogh was most pleased with you.
You visited 11 branches of the dungeon, and saw 53 of its levels.
You also visited: Ossuary, Bailey, Volcano and Wizlab.

You collected 9730 gold pieces.
You spent 6418 gold pieces at shops.

Inventory:

Hand Weapons
 k - the +3 Elemental Staff (weapon) {ele, rElec rF+ rC+ AC+3}
   (You bought it in a shop on level 1 of the Depths)

   AC+3:      It affects your AC (+3).
   rF+:       It protects you from fire.
   rC+:       It protects you from cold.
   rElec:     It insulates you from electricity.
 w - a +9 demon trident of electrocution {Kun}
Missiles
 U - 22 curare-tipped darts
 Z - 4 throwing nets
Armour
 f - a +2 cloak of willpower
 n - a scarf of resistance
 o - a +2 helmet
 u - a +2 pair of gloves (worn)
 y - the +0 helmet of the Doldrums (worn) {rCorr Str+5 Dex+3}
   (You found it on level 3 of the Elven Halls)

   Str+5:     It affects your strength (+5).
   Dex+3:     It affects your dexterity (+3).
   rCorr:     It protects you from acid and corrosion.
 z - a +2 pair of boots of flying (worn)
 B - the +0 cloak of Articulation (worn) {rF+}
   (You found it on level 2 of the Elven Halls)

   rF+:       It protects you from fire.
 W - a +3 troll leather armour (worn) {Snorg}
Magical Staves
 e - the staff of Checks and Balances (offhand) {rElec rPois Str+2 Int+4 Air}
   (You acquired it on level 10 of the Dungeon)

   [staff of air]

   Base accuracy: +5 Base damage: 5 Base attack delay: 1.2 This weapon's minimum
   attack delay (0.6) is reached at skill level 12.
   Str+2:     It affects your strength (+2).
   Int+4:     It affects your intelligence (+4).
   rElec:     It insulates you from electricity.
   rPois:     It protects you from poison Air: It increases the power of your
   Air spells.
   It falls into the 'Staves' category.
   It is a one-graspered weapon.
Jewellery
 L - an amulet of regeneration
 M - the ring of Wici {rElec rPois rC+ Dex+2}
   (You found it on level 14 of the Dungeon)

   [ring of protection from cold]

   Dex+2:     It affects your dexterity (+2).
   rC+:       It protects you from cold.
   rElec:     It insulates you from electricity.
   rPois:     It protects you from poison
 O - the ring "Ahodwiet" (left grasper) {rN+ Will+}
   (You found it on level 3 of the Elven Halls)

   [ring of willpower]

   rN+:       It protects you from negative energy.
   Will+:     It increases your willpower.
 Q - the ring "Mestauwe" (right grasper) {rPois rC+ Dex+6}
   (You bought it in a shop on level 1 of the Elven Halls)

   [ring of dexterity]

   Dex+6:     It affects your dexterity (+6).
   rC+:       It protects you from cold.
   rPois:     It protects you from poison
 R - an amulet of magic regeneration (around neck)
 T - a ring of protection from fire
Wands
 c - a wand of light (10)
 h - a wand of charming (18)
 i - a wand of iceblast (41)
 v - a wand of digging (4)
 H - a wand of mindburst (26)
Scrolls
 g - a scroll of blinking {@r4}
 j - 25 scrolls of teleportation {@r3}
 l - 7 scrolls of fear
 t - 5 scrolls of immolation
 x - a scroll of butterflies
 J - 3 scrolls of enchant armour
 N - 6 scrolls of vulnerability {!r}
 P - 4 scrolls of silence {!r}
 S - 2 scrolls of torment
 X - 40 scrolls of identify {@r1}
 Y - 2 scrolls of amnesia
Potions
 b - 5 potions of magic
 d - 8 potions of attraction
 m - 3 potions of heal wounds {@q1}
 p - 2 potions of resistance
 q - 6 potions of enlightenment
 r - 5 potions of brilliance
 s - 17 potions of mutation
 A - 5 potions of cancellation
 D - 13 potions of curing {@q2}
 E - 10 potions of lignification
 F - a potion of invisibility
 G - 2 potions of ambrosia
 I - a potion of haste {@q5}
 K - 10 potions of might {@q3}
Miscellaneous
 C - a sack of spiders
 V - a condenser vane


   Skills:
 + Level 17.2 Fighting
 - Level 7.3(9.2) Polearms
 - Level 8.8(10.0) Staves
 - Level 13.0 Armour
 - Level 16.0 Dodging
 - Level 3.0 Stealth
 + Level 18.4 Spellcasting
 - Level 8.0 Conjurations
 - Level 6.0 Hexes
 - Level 20.0 Summonings
 - Level 8.0 Necromancy
 - Level 9.0 Translocations
 - Level 9.0 Fire Magic
 - Level 9.0 Air Magic
 - Level 9.0 Earth Magic
 - Level 10.0 Invocations
 - Level 18.0 Evocations


You had 5 spell levels left.
You knew the following spells:

 Your Spells              Type           Power      Damage    Failure   Level
a - Bombard               Conj/Erth      36%        9d6       7%          6
b - Summon Horrible Thin  Summ           41%        N/A       2%          8
c - Summon Mana Viper     Hex/Summ       68%        N/A       1%          5
d - Malign Gateway        Summ/Tloc      35%        N/A       3%          7
e - Blink                 Tloc           100%       N/A       1%          2
f - Summon Forest         Summ/Tloc      35%        N/A       1%          5
g - Summon Cactus Giant   Summ           41%        N/A       1%          6
h - Martyr's Knell        Necr/Summ      70%        N/A       1%          4
i - Spellforged Servitor  Conj/Summ      35%        N/A       3%          7
j - Apportation           Tloc           100%       N/A       1%          1
z - Plasma Beam           Fire/Air       58%        2x1d74    5%          6

Your spell library contained the following spells:

 Spells                   Type           Power      Damage    Failure   Level
 Summon Small Mammal      Summ           100%       N/A       0%          1
 Call Imp                 Summ           100%       N/A       0%          2
 Call Canine Familiar     Summ           83%        N/A       0%          3
 Foxfire                  Conj/Fire      100%       2x1d9     1%          1
 Kiss of Death            Conj/Necr      100%       2d13      1%          1
 Magic Dart               Conj           100%       1d8       1%          1
 Necrotise                Necr           100%       1d9       1%          1
 Sandblast                Erth           100%       2d20      1%          1
 Sting                    Conj/Alch      100%       1d9       1%          1
 Cigotuvi's Dreadful Rot  Necr/Alch/Air  100%       N/A       1%          2
 Ensorcelled Hibernation  Hex/Ice        100%       N/A       1%          2
 Jinxbite                 Hex            94%        N/A       1%          2
 Lesser Beckoning         Tloc           100%       N/A       1%          2
 Mercury Vapours          Alch/Air       100%       N/A       1%          2
 Momentum Strike          Conj/Tloc      100%       3d10      1%          2
 Scorch                   Fire           100%       2d9       1%          2
 Searing Ray              Conj           100%       2d8       1%          2
 Static Discharge         Conj/Air       100%       3-8/arc   1%          2
 Sublimation of Blood     Necr           54%        N/A       1%          2
 Dazzling Flash           Conj/Hex       100%       N/A       1%          3
 Fugue of the Fallen      Necr           54%        N/A       1%          3
 Gell's Gravitas          Tloc           57%        N/A       1%          3
 Inner Flame              Hex/Fire       69%        N/A       1%          3
 Mephitic Cloud           Conj/Alch/Air  80%        N/A       1%          3
 Passwall                 Erth           74%        N/A       1%          3
 Sigil of Binding         Hex            47%        N/A       1%          3
 Stone Arrow              Conj/Erth      100%       3d13      1%          3
 Summon Ice Beast         Ice/Summ       78%        N/A       1%          3
 Teleport Other           Tloc           57%        N/A       1%          3
 Vampiric Draining        Necr           54%        2d9       1%          3
 Volatile Blastmotes      Fire/Tloc      100%       2d18      1%          3
 Airstrike                Air            47%        2d(7-23)  1%          4
 Anguish                  Hex/Necr       25%        N/A       1%          4
 Animate Dead             Necr           54%        N/A       1%          4
 Brom's Barrelling Bould  Conj/Erth      73%        2d9       1%          4
 Dimensional Bullseye     Hex/Tloc       26%        N/A       1%          4
 Dispel Undead            Necr           54%        3d20      1%          4
 Flame Wave               Conj/Fire      73%        2d16      1%          4
 Ignite Poison            Fire/Alch      57%        N/A       1%          4
 Iskenderun's Mystic Bla  Conj/Tloc      55%        2d12      1%          4
 Manifold Assault         Tloc           57%        N/A       1%          4
 Petrify                  Alch/Erth      57%        N/A       1%          4
 Sticky Flame             Fire/Alch      57%        2d10      1%          4
 Summon Blazeheart Golem  Fire/Summ      91%        N/A       1%          4
 Summon Lightning Spire   Summ/Air       100%       N/A       1%          4
 Vhi's Electric Charge    Tloc/Air       100%       N/A       1%          4
 Arcjolt                  Conj/Air       46%        1d56      1%          5
 Borgnjor's Vile Clutch   Necr/Erth      36%        N/A       1%          5
 Curse of Agony           Necr           54%        N/A       1%          5
 Iskenderun's Battlesphe  Conj           54%        2d10      1%          5
 Lee's Rapid Deconstruct  Erth           37%        3d18*     1%          5
 Fulminant Prism          Conj/Alch      19%        3d10      2%          4
 Freezing Cloud           Conj/Ice/Air   50%        6-21      3%          5
 Frozen Ramparts          Ice            60%        1d10      4%          3
 Ozocubu's Armour         Ice            30%        N/A       4%          3
 Irradiate                Conj/Alch      19%        3d18      8%          5
 Metabolic Englaciation   Hex/Ice        25%        N/A       12%         5
 Olgreb's Toxic Radiance  Alch           20%        N/A       16%         4
 Alistair's Intoxication  Alch           13%        N/A       41%         5
 Monstrous Menagerie      Summ           41%        N/A       1%          7
 Haunt                    Necr/Summ      35%        N/A       3%          7
 Dispersal                Tloc           28%        N/A       5%          6
 Conjure Ball Lightning   Conj/Air       46%        3x3d16    7%          6
 Starburst                Conj/Fire      36%        6d11      7%          6
 Death Channel            Necr           27%        N/A       9%          6
 Sculpt Simulacrum        Ice/Alch       15%        N/A       94%         6
 Disjunction              Tloc           28%        N/A       95%         8
 Ignition                 Fire           37%        3d11      95%         8
 Maxwell's Capacitive Co  Air            47%        ∞         95%         8
 Infestation              Necr           27%        N/A       99%         8
 Discord                  Hex            23%        N/A       100%        8
 Polar Vortex             Ice            15%        12d2*     100%        9


Dungeon Overview and Level Annotations

Branches:
Dungeon (15/15)            Temple (1/1) D:5            Lair (5/5) D:9
 Shoals (4/4) Lair:2       Spider (4/4) Lair:3        Slime (5/5) Lair:5
    Orc (2/2) D:12            Elf (3/3) Orc:2        Vaults (5/5) D:13
  Crypt (0/3) Vaults:2     Depths (4/4) D:15            Zot (5/5) Depths:4
Ossuary (visited)          Bailey (visited)         Volcano (visited)
 WizLab (visited)

Altars:
Ashenzari
Cheibriados
Dithmenos
Elyvilon
Fedhas
Gozag
Hepliaklqana
Kikubaaqudgha
Makhleb
Nemelex Xobeh
Okawaru
Qazlal
Ru
Sif Muna
Trog
Uskayaw
Vehumet
Wu Jian
Xom
Yredelemnul
Zin
The Shining One
Beogh
Lugonu

Shops:
D:2 [![?   D:6 [   Orc:1 =   Orc:2 =[*(   Elf:1 =   Elf:2 (   Vaults:5 !
Depths:1 (=!(   Depths:2 (:[(   Depths:3 :=:

Portals:
Hell: Depths:1 Depths:2 Depths:3
Abyss: Depths:1 Depths:3 Depths:4
Pandemonium: Depths:2
Ziggurat: Depths:3
Trove: D:15 (give horn of Geryon)

Annotations:
D:1 exclusion: downstairs
D:2 exclusion: downstairs
D:4 6 exclusions
D:10 13 exclusions
Lair:3 3 exclusions
Lair:4 exclusion: downstairs
Lair:5 2 runed translucent doors
Shoals:1 3 runed translucent doors, exclusion: obsidian statue, Agetab's ghost, adept DECj
Spider:3 exclusion: downstairs
Slime:3 exclusion: downstairs
Elf:2 3 runed translucent doors
Vaults:3 2 transporters
Depths:3 1 runed translucent door, Ohifu Siggabb's ghost, veteran MfIE
Depths:4 exclusions: 2 doors and 1 more exclusion
Zot:5 2 transporters, PaleRider's ghost, master DrSh


Innate Abilities, Weirdness & Mutations

Your facial features are unmistakably orcish.
You can wield a second weapon in your off-hand.
It takes a long time for you to wield or remove held weapons.
Your first few attacks do less damage.
Attacking and casting redirects power from your legs.
You have a somewhat thin skeletal structure. (Dex +2, Stealth+)
Your flesh is cold resistant. (rC+)
Your spells are a little easier to cast, but a little less powerful.


Message History

Beogh accepts your kill. The hell hound breathes flames at you.
The blast of flame misses you.
You hit the hell hound with the +3 Elemental Staff.
You crush the hell hound!!
The hell hound is severely wounded.
You hit the hell hound with the staff of Checks and Balances.
The hell hound is electrocuted!
You kill the hell hound!
Beogh accepts your kill.
No target in view!
No target in view!
You cannot move.
You cannot move.
You are no longer unable to travel.
An orange demon comes into view.
The orange demon barely misses you.
A blizzard demon comes into view.
There is a stone staircase leading up here.
The orange demon closely misses you.
You fly upwards.
Level annotation: 6 exclusions
There is a stone staircase leading down here.
There is a stone staircase leading up here.
You fly upwards.
There is a stone staircase leading down here.
There is a stone staircase leading up here.
You fly upwards.
Level annotation: exclusion: downstairs
There is a stone staircase leading down here.
There is an open door here.
There is an open door here.
There is a stone staircase leading up here.
You fly upwards.
Level annotation: exclusion: downstairs
There is a stone staircase leading down here.
There is a staircase leading out of the dungeon here.
Unknown command.
Unknown command.
You have escaped!

.## #.####.##....## #.
#.## #####.#
#.####...#####. ...#
#.....# #####........##.
#..#
#.#######ß.ß#.#...##.###
.#.# #####.#
#......##.###.# # ##.#
#.....# #......##.# #.# #
##.###.###.# ##..ß....#.#
#.# # ....>..# #.#
#ß.........###.###
##.###.###.#
#@.......#........ ##.#
#.....# #ß......######.###
##.# ###..##
##..ß...######.### ...#
#..# #................
####
#..#######......######.###
#.......###ß.ß#.# #.#
##.####.#######.# #.#
#.##...#....#########.# ##
#.##.#####............#


There were no monsters in sight!

Vanquished Creatures
  the Royal Jelly (Slime:5)
  Frederick (Vaults:5)
  An orb of fire (Zot:5)
  2 dread liches (Vaults:5)
  3 ancient liches
  Bai Suzhen (Elf:3)
  2 curse toes (Zot:5)
  A Brimstone Fiend (Zot:5)
  A Tzitzimitl (D:15)
  6 tentacled monstrosities
  3 sphinxes
  2 acid blobs (Slime:5)
  A titan (Vaults:5)
  A death cob (Zot:1)
  2 storm dragons
  An orc apostle (Slime:5)
  Roxanne (Spider:3)
  A fire giant (Depths:4)
  4 shadow dragons
  2 draconian knights
  An azure jelly (Slime:3)
  2 vault wardens (Vaults:3)
  A draconian monk (Zot:1)
  2 frost giants
  2 draconian scorchers (Depths:4)
  2 ghost moths (Spider:4)
  An orc warlord (Orc:2)
  A draconian stormcaller (Zot:1)
  2 quicksilver oozes
  2 formless jellyfish
  4 ironbound preservers
  2 stone giants
  A deep elf demonologist (Depths:3)
  3 black draconians
  A green draconian (Zot:1)
  A war gargoyle (Vaults:5)
  5 purple draconians
  A white draconian (Zot:1)
  2 dire elephants (Vaults:2)
  An ironbound thunderhulk (Vaults:1)
  2 deep elf annihilators
  A spark wasp (Spider:4)
  A merfolk javelineer (Shoals:4)
  A fire dragon (Depths:2)
  2 ettins
  A pearl dragon zombie (Depths:1)
  2 jiangshi (Depths:4)
  An entropy weaver (Vaults:5)
  2 yaktaur captains
  A merfolk impaler (Shoals:2)
  A merfolk avatar (Shoals:2)
  A peacekeeper (Vaults:3)
  A catoblepas (D:15)
  A jorogumo (Spider:4)
  5 great orbs of eyes
  3 vault guards
  2 rakshasas
  An ironbound frostheart (Vaults:4)
  An ogre mage (Vaults:5)
  3 centaur warriors
  5 two-headed ogres
  2 boulder beetles (Spider:3)
  5 satyrs (Shoals:4)
  5 dancing weapons
  2 deep troll shamans
  2 deep troll earth magi
  An occultist (Depths:3)
  3 deep elf knights
  An orc high priest (Vaults:4)
  2 hell hogs (Depths:1)
  4 demonic crawlers
  A hell knight (Volcano)
  A fire crab (Lair:5)
  Amaemon (Lair:1)
  2 skeletal warriors (D:13)
  2 pharaoh ants
  A sea snake (Shoals:4)
  A salamander mystic (Volcano)
  4 iron trolls
  3 orb spiders
  A flayed ghost (Vaults:5)
  12 deep trolls
  3 deep elf archers
  An arcanist (Vaults:2)
  4 orc knights
  9 deep elf pyromancers
  8 ironbound convokers
  A phantasmal warrior (Vaults:5)
  7 harpies
  A glowing orange brain (Vaults:3)
  6 lindwurms
  A necromancer (D:15)
  7 deep elf zephyrmancers
  3 steelbarb worms
  A wolf spider zombie (D:15)
  5 wolf spiders
  5 manticores
  A salamander (Volcano)
  4 fauns (Shoals:3)
  2 cyclopes
  7 moths of wrath
  A shining eye (Slime:3)
  4 meliai (Spider:4)
  A water nymph (Shoals:3)
  3 merfolk sirens
  9 elephants
  2 black mambas (Lair:5)
  An orange demon (D:10)
  4 vault sentinels
  3 molten gargoyles (Lair:5)
  An eye of devastation (Slime:4)
  3 cane toads
  2 torpor snails
  A gargoyle (D:10)
  A centaur skeleton (D:15)
  A kobold demonologist (D:9)
  A tormentor (Zot:1)
  5 komodo dragons
  A freezing wraith (Vaults:5)
  5 yaktaurs (Vaults:3)
  2 polar bears
  A tyrant leech (Zot:2)
  6 merfolk
  2 trolls
  3 wind drakes
  12 tarantellas
  A dream sheep (Shoals:2)
  4 blink frogs
  6 culicivoras
  8 jumping spiders
  13 slime creatures
  A ynoxinul (Spider:2)
  4 wyverns
  An air elemental (Elf:3)
  A water elemental (Shoals:2)
  2 vampires
  2 basilisks
  12 yaks
  A golden eye (shapeshifter) (D:13)
  2 wraiths
  A steam dragon (D:5)
  5 vampire mosquitoes
  10 redbacks
  4 hell hounds
  4 water moccasins
  An acid dragon (D:13)
  9 nameless horrors
  6 orc warriors
  A black bear (Lair:4)
  A laughing skull (D:12)
  2 small abominations (Depths:3)
  2 ogres
  9 wolves
  3 boggarts (Vaults:2)
  3 centaurs
  A phantom (D:4)
  3 bullfrogs
  3 kobold brigands
  4 earth elementals (D:12)
  7 killer bees
  An electric eel (Lair:3)
  2 bullfrog zombies (D:5)
  A hound (D:7)
  2 lava snakes (Lair:5)
  3 orc priests
  A scorpion zombie (D:5)
  3 adders
  6 gnolls
  A dart slug (D:5)
  9 orcs
  A bat (D:1)
  A giant cockroach (D:2)
  5 jackals
  8 kobolds
  4 ball pythons
  A frilled lizard (D:2)
  4 goblins
  A hobgoblin zombie (Ossuary)
  A rat (D:1)
511 creatures vanquished.

Vanquished Creatures (collateral kills)
  A pandemonium lord (Zot:5)
  A dread lich (Depths:3)
  9 orbs of fire
  Xtahua (Vaults:5)
  5 Killer Klowns
  Boris (twice) (Depths:1 Depths:3)
  A curse toe (Zot:4)
  Margery (Vaults:5)
  A profane servitor (Depths:1)
  A bone dragon (Depths:4)
  7 golden dragons
  Arachne (Spider:3)
  4 electric golems
  Rupert (Lair:4)
  27 Orb Guardians
  2 hellephants
  12 tentacled monstrosities
  A lich (Depths:3)
  2 Ice Fiends (Zot:5)
  5 quicksilver dragons
  A walking divine tome (Depths:2)
  5 sphinxes
  2 titans (Vaults:5)
  11 acid blobs
  6 eldritch tentacles (Zot:5)
  A deep elf master archer (Elf:3)
  2 krakens
  An Executioner (Zot:5)
  2 death cobs
  6 tengu reavers
  13 rockslimes
  10 shadow dragons
  4 protean progenitors
  Ilsuiw (Shoals:2)
  3 draconian monks
  11 azure jellies
  Donald (Orc:2)
  5 fire giants
  9 storm dragons
  7 frost giants
  11 deep elf sorcerers
  2 draconian knights
  20 vault wardens
  6 draconian scorchers
  2 balrugs (Depths:4)
  3 emperor scorpions
  Louise (Spider:1)
  10 ghost moths
  A draconian stormcaller (Zot:1)
  2 deep elf elementalists (Elf:3)
  4 iron dragons
  An angel (Vaults:4)
  6 draconian annihilators
  16 ironbound preservers
  11 formless jellyfish
  11 stone giants
  2 orc warlords
  A broodmother (Spider:3)
  11 very ugly things
  4 ironbound thunderhulks
  6 quicksilver oozes
  10 deep elf annihilators
  5 vampire knights
  4 deep elf demonologists (Elf:3)
  5 green draconians
  3 deep elf death magi (Elf:3)
  7 white draconians (Zot:4)
  4 dire elephants
  6 purple draconians
  11 black draconians
  11 yellow draconians
  6 red draconians
  A minotaur (Shoals:4)
  A pearl dragon zombie (Depths:1)
  Snorg (D:13)
  3 merfolk javelineers
  4 fire dragons
  4 war gargoyles
  2 green deaths
  15 yaktaur captains
  8 ettins
  An entropy weaver (shapeshifter) (D:13)
  5 merfolk impalers
  Josephine (D:14)
  8 entropy weavers
  3 deep elf high priests
  3 ice dragons
  13 great orbs of eyes
  2 merfolk avatars (Shoals:3)
  A rakshasa (Depths:2)
  28 vault guards
  3 jorogumos (Spider:4)
  3 catoblepae
  6 spriggan air magi
  8 hydras
  2 merfolk aquamancers (Shoals:4)
  3 ogre magi
  3 radroaches
  9 centaur warriors
  7 ironbound frosthearts
  Erica (D:10)
  4 deep troll shamans
  10 dancing weapons
  8 satyrs
  9 boulder beetles
  A hell hog (Depths:1)
  A death knight (Depths:1)
  17 two-headed ogres
  6 vampire magi
  12 deep troll earth magi
  3 death yaks (Lair:4)
  4 tengu warriors
  6 occultists
  5 demonic crawlers
  5 spriggan berserkers
  2 soul eaters (Depths:4)
  5 deep elf knights
  3 sun demons
  9 hell knights
  Nergalle (Orc:2)
  A shadow wraith (Vaults:5)
  12 iron trolls
  4 sixfirhies
  49 deep trolls
  3 pharaoh ants
  2 skeletal warriors (D:13)
  2 skysharks
  8 deep elf archers
  13 orb spiders
  4 sea snakes
  A shadow demon (Zot:5)
  7 arcanists
  6 glowing orange brains
  A glowing orange brain (shapeshifter) (Vaults:5)
  9 lindwurms
  11 harpies
  3 sun moths (shapeshifter)
  3 sun moths
  3 steelbarb worms
  5 necromancers
  16 ironbound convokers
  6 orc knights
  12 deep elf zephyrmancers
  3 phantasmal warriors
  3 large abominations (Depths:3)
  4 orc sorcerers
  21 deep elf pyromancers
  A salamander (shapeshifter) (Elf:1)
  21 wolf spiders
  13 fauns
  20 ugly things
  8 manticores
  9 shining eyes
  6 cyclopes
  3 salamanders (Volcano)
  3 meliai (Spider:4)
  10 moths of wrath
  10 elephants
  6 merfolk sirens
  11 vault sentinels
  4 apis skeletons (Depths:1)
  9 black mambas
  A water nymph (Shoals:3)
  A centaur zombie (D:15)
  A black mamba (shapeshifter) (D:14)
  Joseph (D:10)
  2 smoke demons (Depths:4)
  4 torpor snails
  2 eyes of devastation
  11 cane toads
  3 orange demons
  An efreet (D:13)
  A rime drake (Lair:4)
  A centaur skeleton (D:15)
  A freezing wraith (Vaults:5)
  28 yaktaurs
  A rime drake (shapeshifter) (Elf:3)
  4 komodo dragons
  3 unseen horrors (Depths:3)
  3 tengu conjurers
  A queen bee (shapeshifter) (D:14)
  5 polar bears
  22 merfolk
  Grinder (D:6)
  7 trolls
  A tyrant leech (Zot:2)
  5 wind drakes
  A blink frog (shapeshifter) (D:14)
  14 tarantellas
  2 hornets (Depths:1)
  A hellwing (Zot:5)
  8 blink frogs
  2 glass eyes (Slime:3)
  A raiju (shapeshifter) (Vaults:5)
  5 snapping turtles
  3 dream sheep (Shoals:2)
  50 slime creatures
  34 jumping spiders
  2 centaur simulacra
  2 spriggans (Depths:1)
  6 wraiths
  19 culicivoras
  6 water elementals
  3 vampires (Vaults:2)
  34 yaks
  6 wyverns
  Grum (D:10)
  5 basilisks
  4 wargs
  A ynoxinul (Depths:3)
  5 chaos spawn (Depths:3)
  A fire elemental (Elf:1)
  7 golden eyes
  34 redbacks
  A neqoxec (D:10)
  7 vampire mosquitoes
  2 small abominations (Depths:3)
  A steam dragon (Lair:5)
  An acid dragon (D:10)
  10 water moccasins
  2 hell hounds (Lair:5)
  19 orc warriors
  An ice beast (D:7)
  4 laughing skulls
  A black bear (Lair:4)
  4 boggarts
  13 ogres
  A crocodile (shapeshifter) (Elf:2)
  16 wolves
  10 centaurs
  12 kobold brigands
  4 bullfrogs
  2 earth elementals (D:12)
  A gnoll sergeant (D:11)
  3 scorpions
  5 wights (D:9)
  7 killer bees
  A howler monkey (D:9)
  A bombardier beetle (D:4)
  2 lava snakes
  A bullfrog zombie (D:5)
  3 quasits (D:10)
  11 orc priests
  3 jellies
  5 hounds
  2 gnoll boudas (D:4)
  A scorpion zombie (D:5)
  A sleepcap (D:6)
  5 iguanas
  5 orc wizards
  4 nameless horrors
  8 mummies (Ossuary)
  14 gnolls
  3 adders
  A shadow imp (D:7)
  4 white imps
  2 ufetubi (D:5)
  2 ribbon worms
  2 dart slugs (D:4)
  17 orcs
  8 ball pythons
  4 endoplasms
  A giant cockroach (D:2)
  2 gnoll zombies (Ossuary)
  7 goblins
  10 hobgoblins
  3 jackals
  25 kobolds
  3 quokkas
  A bat (D:2)
  2 frilled lizards
  A hobgoblin zombie (Ossuary)
  3 kobold zombies (Ossuary)
  An orc zombie (Ossuary)
  5 rats
  3 aspiring fleshes (Zot:1)
  20 foxfires
  4 tentacles (Shoals:1)
1691 creatures vanquished.

Vanquished Creatures (others)
  An ancient lich (Vaults:5)
  A tentacled monstrosity (Zot:1)
  2 death cobs
  9 eldritch tentacles (Zot:5)
  2 draconian knights (Zot:4)
  A draconian monk (Zot:1)
  A balrug (Slime:2)
  An orc warlord (Spider:4)
  A ghost moth (Zot:4)
  An ironbound thunderhulk (Vaults:1)
  2 white draconians
  An ettin (Depths:1)
  35 orc apostles
  3 orc high priests
  A shadow demon (Slime:2)
  A flayed ghost (Depths:3)
  An orc knight (Spider:4)
  An obsidian statue (Zot:5)
  A deep elf pyromancer (Elf:1)
  A yaktaur (Vaults:4)
  2 ice devils (Slime:2)
  2 culicivoras
  A water elemental (Elf:1)
  6 orc warriors
  An ogre (Orc:2)
  2 orc priests
  An iguana (D:5)
  2 orc wizards (Orc:2)
  An adder (D:4)
  19 orcs
  2 goblins
  A kobold (Bailey)
  11 blazeheart cores
  338 foxfires
  23 snaplasher vines
  8 tentacles
487 creatures vanquished.

Grand Total: 2689 creatures vanquished

Notes
Turn   | Place    | Note
-------+----------+-------------------------------------------
     0 | D:1      | Sergey the Coglin Summoner began the quest for the Orb.
     0 | D:1      | Reached XP level 1. HP: 13/13 MP: 3/3
  1068 | D:1      | Reached XP level 2. HP: 19/19 MP: 2/4
  1148 | D:1      | Learned a level 2 spell: Call Imp
  1398 | D:1      | Reached XP level 3. HP: 24/24 MP: 5/5
  1782 | D:1      | Reached skill level 1 in Fighting
  2626 | D:2      | Found Elulath's Armour Boutique.
  2698 | D:2      | Learned a level 3 spell: Call Canine Familiar
  2780 | D:2      | Found Wajasm's Distillery.
  2785 | D:2      | Bought a potion of heal wounds for 50 gold pieces
  2785 | D:2      | Bought a potion of heal wounds for 50 gold pieces
  2785 | D:2      | Bought a potion of curing for 30 gold pieces
  3068 | D:2      | Reached XP level 4. HP: 32/32 MP: 2/7
  3145 | D:2      | Found Puokonia's Armour Shop.
  3400 | D:2      | Bought a +0 pair of boots for 49 gold pieces
  3818 | D:2      | Found Sussom's Magic Scroll Shoppe.
  3867 | D:2      | Bought a scroll of identify for 24 gold pieces
  4032 | D:2      | Found Elulath's Armour Boutique.
  4320 | D:2      | Found Puokonia's Armour Shop.
  4510 | D:2      | Found Wajasm's Distillery.
  4549 | D:2      | Found Sussom's Magic Scroll Shoppe.
  4834 | D:3      | Became a worshipper of Beogh the Shepherd
  5386 | D:3      | Found a faded altar of an unknown god.
  5410 | D:3      | Reached XP level 5. HP: 37/37 MP: 3/8
  5588 | D:3      | Found a faded altar of an unknown god.
  6285 | D:4      | Noticed an ogre
  6302 | D:4      | Killed an ogre
  6303 | D:4      | Reached skill level 5 in Summonings
  6303 | D:4      | Reached skill level 1 in Fire Magic
  6390 | D:4      | Reached XP level 6. HP: 44/44 MP: 6/9
  6399 | D:4      | Identified the +2 war axe of Zalihuk {freeze, rF+ Will-
                  | Str+2 Dex+2}
  6524 | D:4      | Found a sand-covered staircase.
  6533 | Ossuary  | Entered an ossuary
  6719 | Ossuary  | Reached * piety under Beogh
  7200 | D:4      | Reached XP level 7. HP: 35/50 MP: 3/11
  7377 | D:4      | Found a white marble altar of Elyvilon.
  7984 | D:4      | Reached ** piety under Beogh
  8214 | D:5      | Entered Level 5 of the Dungeon
  8378 | D:5      | Found a staircase to the Ecumenical Temple.
  8422 | D:5      | Found a basalt altar of Yredelemnul.
  8461 | D:5      | Reached XP level 8. HP: 56/56 MP: 13/13
  8535 | D:5      | Learned a level 4 spell: Summon Blazeheart Golem
  9092 | Temple   | Entered the Ecumenical Temple
  9181 | D:5      | Reached skill level 6 in Summonings
  9181 | D:5      | Reached skill level 5 in Fire Magic
  9392 | D:2      | Bought a scroll of enchant armour for 90 gold pieces
  9392 | D:2      | Bought a scroll of butterflies for 48 gold pieces
  9392 | D:2      | Bought a scroll of identify for 24 gold pieces
  9394 | D:2      | Bought a scroll of immolation for 48 gold pieces
  9394 | D:2      | Bought a scroll of silence for 114 gold pieces
  9432 | D:2      | Bought a potion of degeneration for 10 gold pieces
 10263 | D:6      | Found a glowing silver altar of Zin.
 10272 | D:6      | Reached *** piety under Beogh
 10273 | D:6      | Reached skill level 7 in Summonings
 10285 | D:6      | Identified the +3 dagger "Inoetig" {elec, *Corrode rElec
                  | Int+6}
 10285 | D:6      | Noticed Boderik
 10289 | D:6      | Noticed a nameless horror
 10308 | D:6      | Was placed under penance by Beogh
 10308 | D:6      | Killed Boderik the orc apostle
 10308 | D:6      | Fled from a divine trial
 10427 | D:6      | Killed a nameless horror
 10534 | D:6      | Reached XP level 9. HP: 59/63 MP: 6/15
 10569 | D:5      | Reached skill level 8 in Summonings
 10569 | D:5      | Reached skill level 1 in Air Magic
 10574 | D:5      | Learned a level 4 spell: Summon Lightning Spire
 10733 | D:6      | Noticed Grinder
 10747 | D:6      | Killed Grinder
 10860 | D:6      | Found Fugilueh's Antique Armour Shoppe.
 11067 | D:6      | Learned a level 2 spell: Blink
 11387 | D:7      | Found a burning altar of Makhleb.
 11736 | D:7      | Reached skill level 5 in Air Magic
 11739 | D:7      | Was forgiven by Beogh
 12762 | D:8      | Reached skill level 5 in Evocations
 13119 | D:9      | Noticed a troll
 13125 | D:9      | Killed a troll
 13219 | D:9      | Identified a scroll of acquirement
 13232 | D:8      | Acquired a +5 ring of evasion
 13293 | D:9      | Reached XP level 10. HP: 72/72 MP: 12/17
 13328 | D:9      | Found a sacrificial altar of Ru.
 13354 | D:9      | Noticed Bogric
 13366 | D:9      | Reached skill level 5 in Spellcasting
 13437 | D:9      | Anointed Bogric the warrior as your apostle
 13640 | D:9      | Reached skill level 5 in Fighting
 13657 | D:9      | Found a staircase to the Lair.
 13676 | D:9      | Found a snail-covered altar of Cheibriados.
 13786 | D:9      | Noticed a kobold demonologist
 13794 | D:9      | Killed a kobold demonologist
 13809 | D:9      | Noticed a two-headed ogre
 13814 | D:9      | Reached **** piety under Beogh
 13833 | D:9      | Killed a two-headed ogre
 14169 | D:10     | Entered Level 10 of the Dungeon
 14234 | D:10     | Killed Erica
 14235 | D:10     | Reached skill level 9 in Summonings
 14298 | D:10     | Reached XP level 11. HP: 81/81 MP: 18/21
 14350 | D:10     | Reached skill level 10 in Summonings
 14370 | D:10     | Reached skill level 1 in Invocations
 14400 | D:10     | Identified the +2 pair of boots of Meoduyr {Int-4 Dex+3}
 14473 | D:10     | Found a flagged portal.
 14503 | Bailey   | Entered a bailey
 14521 | Bailey   | Noticed an orc knight
 14534 | Bailey   | Killed an orc knight
 14566 | Bailey   | Reached ***** piety under Beogh
 14819 | D:10     | Noticed Ogrik
 14832 | D:10     | Anointed Ogrik the wizard as your apostle
 14856 | D:10     | Noticed Grum
 14868 | D:10     | Killed Grum
 14875 | D:10     | Found a blossoming altar of Fedhas.
 14881 | D:10     | Found a glowing golden altar of the Shining One.
 14886 | D:10     | Found a shimmering blue altar of Sif Muna.
 14919 | D:10     | Noticed a necromancer
 14926 | D:10     | Killed a necromancer
 14927 | D:10     | Reached skill level 5 in Invocations
 14990 | D:10     | Acquired 836 gold pieces
 14992 | D:10     | Acquired the staff of Checks and Balances {rElec rPois
                  | Str+2 Int+4 Air}
 15291 | D:10     | Noticed a two-headed ogre
 15294 | D:10     | Noticed Joseph
 15300 | D:10     | Killed a two-headed ogre
 15318 | D:10     | Killed Joseph
 15721 | Lair:1   | Entered Level 1 of the Lair of Beasts
 15912 | Lair:1   | Noticed Amaemon
 15921 | Lair:1   | Killed Amaemon
 15924 | Lair:1   | Reached XP level 12. HP: 88/88 MP: 25/25
 16689 | Lair:2   | Found a staircase to the Shoals.
 17170 | Lair:3   | Reached skill level 5 in Dodging
 17312 | Lair:3   | Found a dark tunnel.
 17317 | Lair:3   | Reached XP level 13. HP: 99/99 MP: 24/26
 17327 | Volcano  | Entered a volcano
 17979 | Lair:3   | Found a hole to the Spider Nest.
 18451 | Lair:4   | Reached skill level 10 in Spellcasting
 18482 | Lair:4   | Noticed Sonja
 18486 | Lair:4   | Sonja changed into Sonja the black bear
 18486 | Lair:4   | Noticed Sonja
 18487 | Lair:4   | Killed Sonja the black bear
 18503 | Lair:4   | Noticed Bogrim
 18513 | Lair:4   | Anointed Bogrim the warrior as your apostle
 18645 | Lair:4   | Noticed Rupert
 18651 | Lair:4   | Killed Rupert
 18796 | Lair:4   | Reached XP level 14. HP: 104/108 MP: 29/29
 18802 | Lair:4   | Learned a level 3 spell: Stone Arrow
 18836 | Lair:4   | Reached skill level 1 in Conjurations
 18836 | Lair:4   | Reached skill level 1 in Earth Magic
 19204 | Lair:4   | Found a sparkling altar of Nemelex Xobeh.
 19321 | Lair:5   | Entered Level 5 of the Lair of Beasts
 19489 | Lair:5   | Found a staircase to the Slime Pits.
 20015 | Lair:5   | Found a large runed translucent door.
 20017 | Lair:5   | Found a large runed translucent door.
 20154 | Lair:5   | Reached skill level 5 in Conjurations
 20154 | Lair:5   | Reached skill level 5 in Earth Magic
 21585 | D:12     | Reached skill level 1 in Armour
 21606 | D:12     | Found a staircase to the Orcish Mines.
 21839 | D:12     | Reached ****** piety under Beogh
 22238 | D:12     | Reached XP level 15. HP: 113/113 MP: 31/31
 22274 | D:12     | Your ally Ogrik died
 22281 | D:12     | Your ally Bogric died
 22429 | D:12     | Your ally Bogrim died
 22432 | D:12     | Anointed Orkidu the priest as your apostle
 23015 | D:13     | Reached skill level 5 in Armour
 23166 | D:13     | Noticed Snorg
 23174 | D:13     | Killed Snorg
 23281 | D:13     | Learned a level 5 spell: Summon Mana Viper
 23302 | D:13     | Found a gate to the Vaults.
 23333 | D:13     | Reached skill level 1 in Hexes
 23720 | Orc:1    | Entered Level 1 of the Orcish Mines
 23733 | Orc:1    | Found Till's Jewellery Shop.
 23800 | Orc:1    | Found a burning altar of Makhleb.
 24149 | Orc:2    | Entered Level 2 of the Orcish Mines
 24245 | Orc:2    | Noticed Nergalle
 24247 | Orc:2    | Killed Nergalle
 24316 | Orc:2    | Found a roughly hewn altar of Beogh.
 24316 | Orc:2    | Noticed an orc warlord
 24327 | Orc:2    | Killed an orc warlord
 24335 | Orc:2    | Found Mitz's General Store.
 24358 | Orc:2    | Found a staircase to the Elven Halls.
 24376 | Orc:2    | Noticed Donald
 24376 | Orc:2    | Noticed an orc warlord
 24385 | Orc:2    | Killed Donald
 24391 | Orc:2    | Killed an orc warlord
 24550 | Orc:2    | Reached skill level 5 in Hexes
 24594 | Orc:2    | Found Qamih's Antique Armour Shoppe.
 24601 | Orc:2    | Bought a masterwork helmet for 237 gold pieces
 24601 | Orc:2    | Identified the +0 helmet "Xeth" {Regen+} (You bought it in
                  | a shop on level 2 of the Orcish Mines)
 24639 | Orc:2    | Found Judwour's Jewellery Shoppe.
 24653 | Orc:2    | Found Fiveogitz's Antique Weapon Shoppe.
 25026 | Orc:2    | Bought a scroll of enchant weapon for 105 gold pieces
 25026 | Orc:2    | Bought a scroll of enchant weapon for 105 gold pieces
 25026 | Orc:2    | Bought a scroll of brand weapon for 133 gold pieces
 25026 | Orc:2    | Bought 2 potions of mutation for 224 gold pieces
 25026 | Orc:2    | Bought a scroll of enchant armour for 105 gold pieces
 25026 | Orc:2    | Bought a potion of might for 56 gold pieces
 25197 | D:6      | Bought a runed cloak for 240 gold pieces
 25522 | D:14     | Reached skill level 1 in Polearms
 25522 | D:14     | Reached skill level 1 in Staves
 25531 | D:14     | Your ally Bogric died
 25541 | D:14     | Reached XP level 16. HP: 120/120 MP: 25/32
 25827 | D:14     | Identified the ring of Wici {rElec rPois rC+ Dex+2}
 26050 | D:14     | Found a hazy altar of Hepliaklqana.
 26131 | D:14     | Identified the +7 long sword of Subterfuge {pain, rN+++
                  | Str+5 Dex-2}
 26149 | D:14     | Anointed Orkwin the warrior as your apostle
 26176 | D:14     | Noticed Josephine
 26178 | D:14     | Killed Josephine
 26312 | D:14     | Identified the +10 short sword of Suaru {flame, MP+9 Dex+5}
 26539 | D:15     | Entered Level 15 of the Dungeon
 26657 | D:15     | Reached skill level 5 in Polearms
 26971 | D:15     | Found a portal to a secret trove of treasure.
 27090 | D:15     | Reached skill level 10 in Fighting
 27151 | D:15     | Found a staircase to the Depths.
 27418 | Spider:1 | Entered Level 1 of the Spider Nest
 28297 | Spider:1 | Noticed Louise
 28304 | Spider:1 | Killed Louise
 28642 | Spider:2 | Reached XP level 17. HP: 131/131 MP: 27/33
 29159 | Spider:3 | Noticed Roxanne
 29164 | Spider:3 | Killed Roxanne
 29240 | Spider:3 | Noticed Arachne
 29246 | Spider:3 | Killed Arachne
 29729 | Spider:3 | Your ally Orkidu died
 29731 | Spider:3 | Your ally Bogrim died
 29889 | Spider:3 | Reached skill level 10 in Dodging
 30594 | Spider:3 | Reached skill level 1 in Translocations
 30915 | Spider:4 | Entered Level 4 of the Spider Nest
 30918 | Spider:4 | Reached skill level 10 in Invocations
 31344 | Spider:4 | Your ally Bogrim died
 31440 | Spider:4 | Your ally Orkidu died
 31461 | Spider:4 | Reached XP level 18. HP: 127/140 MP: 34/34
 31895 | Spider:4 | Got a gossamer rune of Zot
 31966 | Spider:4 | Your ally Bogrim died
 32760 | Spider:4 | Upgraded the game from 0.32-a0-391-gce5c0aab1b to
                  | 0.32-a0-407-g4da7c8d6d1
 32976 | Shoals:1 | Entered Level 1 of the Shoals
 33014 | Shoals:1 | Learned a level 6 spell: Summon Cactus Giant
 33435 | Shoals:1 | Found a runed translucent gate.
 33435 | Shoals:1 | Found a runed translucent gate.
 33435 | Shoals:1 | Found a runed translucent gate.
 33436 | Shoals:1 | Found an opulent altar of Gozag.
 33437 | Shoals:1 | Noticed Agetab's ghost (adept DECj)
 33439 | Shoals:1 | Found Zobry's Assorted Antiques.
 33835 | Shoals:2 | Noticed Ilsuiw
 33850 | Shoals:2 | Killed Ilsuiw
 34626 | Shoals:3 | Reached skill level 11 in Summonings
 34997 | Shoals:3 | Reached XP level 19. HP: 146/146 MP: 33/37
 35594 | Shoals:4 | Entered Level 4 of the Shoals
 35672 | Shoals:4 | Reached skill level 12 in Summonings
 36060 | Shoals:4 | Reached skill level 15 in Spellcasting
 36129 | Shoals:4 | Your ally Bogrim died
 36189 | Shoals:4 | Identified the +4 longbow of Laotz {antimagic, ^Fragile
                  | rF++ rN+ Str+3}
 36403 | Shoals:4 | Identified the +5 war axe of Qaves {flame, rF- rC+ MP+9
                  | Str+6}
 36431 | Shoals:4 | Got a barnacled rune of Zot
 36490 | Shoals:4 | Identified the +1 falchion "Ysuyjiu" {venom, rF+ Will+
                  | Dex-3}
 36843 | Shoals:3 | Identified the +9 great mace of the Sharing Gods {flame,
                  | Will+}
 36860 | Shoals:3 | Anointed Bogfrid the warrior as your apostle
 37152 | Elf:1    | Entered Level 1 of the Elven Halls
 37168 | Elf:1    | Learned a level 4 spell: Martyr's Knell
 37205 | Elf:1    | Found Ryhett's Jewellery Boutique.
 37401 | Elf:1    | Reached skill level 5 in Staves
 37429 | Elf:1    | Reached skill level 10 in Evocations
 38430 | Elf:2    | Identified the +0 cloak of Articulation {rF+}
 38523 | Elf:2    | Reached XP level 20. HP: 141/153 MP: 37/39
 38691 | Elf:2    | Found a runed translucent gate.
 38692 | Elf:2    | Found a runed translucent gate.
 38692 | Elf:2    | Found a runed translucent gate.
 38826 | Elf:2    | Found Afranyc's Weapon Emporium.
 38945 | Elf:3    | Entered Level 3 of the Elven Halls
 39207 | Elf:3    | Noticed Bai Suzhen
 39215 | Elf:3    | Killed Bai Suzhen
 39787 | Elf:3    | Reached skill level 15 in Evocations
 40060 | Elf:3    | Identified the +0 robe of Etiemuud {*Corrode rPois
                  | Archmagi}
 40352 | Elf:3    | Found the +8 longbow "Zephyr" {speed, Dex+3 SInv}
 40355 | Elf:3    | Got the Lessons on the Blizzard and the Throng
 40391 | Elf:3    | Identified the +0 helmet of the Doldrums {rCorr Str+5
                  | Dex+3}
 40400 | Elf:3    | Identified the ring "Ahodwiet" {rN+ Will+}
 40428 | Elf:3    | Identified the +1 ring mail of Dacid {rC+}
 40743 | Elf:1    | Bought the ring "Mestauwe" {rPois rC+ Dex+6} for 650 gold
                  | pieces
 40885 | Vaults:1 | Entered Level 1 of the Vaults
 40911 | Vaults:1 | Your ally Bogfrid died
 41197 | Vaults:1 | Found a magical portal.
 41218 | WizLab   | Entered The Hall of the Hellbinder
 41453 | Vaults:1 | Your ally Orkwin died
 41456 | Vaults:1 | Anointed Bogward the warrior as your apostle
 42691 | Vaults:2 | Reached XP level 21. HP: 125/161 MP: 40/40
 42824 | Vaults:2 | Learned a level 5 spell: Summon Forest
 42835 | Vaults:2 | Learned a level 7 spell: Monstrous Menagerie
 43041 | Vaults:2 | Found a staircase to the Crypt.
 44052 | Vaults:3 | Your ally Orkwin died
 44191 | Vaults:3 | Your ally Bogfrid died
 44410 | Vaults:3 | Paralysed by a formless jellyfish for 1 turns
 44743 | Vaults:3 | Found a transporter.
 44780 | Vaults:3 | Found a transporter.
 45118 | Vaults:3 | Reached skill level 13 in Summonings
 45791 | Vaults:4 | Reached XP level 22. HP: 162/170 MP: 42/42
 45825 | Vaults:4 | Reached skill level 14 in Summonings
 46153 | Vaults:4 | Reached skill level 15 in Summonings
 46180 | Vaults:4 | Found a glowing silver altar of Zin.
 46712 | Vaults:4 | Learned a level 3 spell: Passwall
 46825 | Vaults:5 | Entered Level 5 of the Vaults
 46825 | Vaults:5 | Noticed a dread lich
 46825 | Vaults:5 | Noticed a dread lich
 46886 | Vaults:5 | Noticed an ancient lich
 46893 | Vaults:5 | Killed an ancient lich
 46906 | Vaults:5 | Noticed a golden dragon
 46907 | Vaults:5 | Killed a golden dragon
 46991 | Vaults:5 | Identified the orb of Ireebute {light, rF- rN++}
 46991 | Vaults:5 | Noticed Frederick
 46996 | Vaults:5 | Your ally Bogward died
 46998 | Vaults:5 | Killed Frederick
 47066 | Vaults:5 | Killed a dread lich
 47067 | Vaults:5 | Reached skill level 15 in Fighting
 47067 | Vaults:5 | Reached skill level 16 in Summonings
 47113 | Vaults:5 | Killed a dread lich
 47130 | Vaults:5 | Your ally Bogfrid died
 47132 | Vaults:5 | Noticed Xtahua
 47139 | Vaults:5 | Your ally Orkwin died
 47166 | Vaults:5 | Killed Xtahua
 47235 | Vaults:5 | Reached skill level 17 in Summonings
 47302 | Vaults:5 | Reached XP level 23. HP: 181/181 MP: 32/43
 47430 | Vaults:5 | Identified the scarf "Oquwien" {harm, Dex+3}
 47508 | Vaults:5 | Reached skill level 18 in Summonings
 47670 | Vaults:5 | Noticed Margery
 47691 | Vaults:5 | Killed Margery
 47727 | Vaults:5 | Your ally Bogfrid died
 47857 | Vaults:5 | Identified the +1 triple crossbow of Kindness {elec, Str+2
                  | Stlth+}
 48082 | Vaults:5 | Identified the staff of Quick Death {rElec MP+9 Str+2 Air}
 48205 | Vaults:5 | Identified the +4 sling "Axtaos" {freeze, ^Drain rN++
                  | Dex+4}
 48444 | Vaults:5 | Got a silver rune of Zot
 48577 | Vaults:5 | Found Kawny's Distillery.
 48603 | Vaults:5 | Bought a potion of might for 84 gold pieces
 48603 | Vaults:5 | Bought a potion of heal wounds for 105 gold pieces
 48603 | Vaults:5 | Bought a potion of curing for 63 gold pieces
 48603 | Vaults:5 | Bought 2 potions of haste for 420 gold pieces
 48603 | Vaults:5 | Bought a potion of brilliance for 84 gold pieces
 48603 | Vaults:5 | Bought a potion of curing for 63 gold pieces
 48653 | Vaults:5 | Identified the +3 arbalest of Eternal War {freeze, rPois}
 48832 | Vaults:4 | Identified the +8 dagger "Xymn" {venom, Int+4}
 49056 | Depths:1 | Entered Level 1 of the Depths
 49066 | Depths:1 | Reached skill level 1 in Necromancy
 49139 | Depths:1 | Found Datwief's Distillery.
 49141 | Depths:1 | Found Roptoso's Weapon Shop.
 49141 | Depths:1 | Found Heasyngeeh's Antique Weapon Boutique.
 49145 | Depths:1 | Found Pesysoing's Jewellery Boutique.
 49152 | Depths:1 | Bought the +3 Elemental Staff {ele, rElec rF+ rC+ AC+3} for
                  | 571 gold pieces
 49152 | Depths:1 | Found the +3 Elemental Staff {ele, rElec rF+ rC+ AC+3}
 49171 | Depths:1 | Bought a potion of curing for 36 gold pieces
 49171 | Depths:1 | Bought a potion of brilliance for 48 gold pieces
 49171 | Depths:1 | Bought a potion of lignification for 36 gold pieces
 49171 | Depths:1 | Bought a potion of brilliance for 48 gold pieces
 49171 | Depths:1 | Bought a potion of might for 48 gold pieces
 49171 | Depths:1 | Bought 2 potions of mutation for 192 gold pieces
 49171 | Depths:1 | Bought a potion of brilliance for 48 gold pieces
 49308 | Depths:1 | Found a corrupted altar of Lugonu.
 49310 | Depths:1 | Found a one-way gate to the infinite horrors of the Abyss.
 49374 | Depths:1 | Learned a level 1 spell: Apportation
 49381 | Depths:1 | Learned a level 6 spell: Plasma Beam
 49553 | Depths:1 | Found a gateway to Hell.
 49697 | Depths:1 | Identified the +2 robe of Temperance {rPois Int-3 Dex+4
                  | Stlth+}
 49697 | Depths:1 | Noticed Boris
 49702 | Depths:1 | Killed Boris
 49729 | Depths:1 | Found a basalt altar of Yredelemnul.
 49996 | Depths:1 | Learned a level 7 spell: Haunt
 50061 | Depths:2 | Your ally Bogfrid died
 50083 | Depths:2 | Found Goissic's Weapon Shop.
 50089 | Depths:2 | Reached skill level 15 in Dodging
 50137 | Depths:2 | Found a sparkling altar of Nemelex Xobeh.
 50157 | Depths:2 | Found Coereoz's Book Shoppe.
 50171 | Depths:2 | Reached XP level 24. HP: 188/188 MP: 39/43
 50186 | Depths:2 | Reached skill level 5 in Necromancy
 50203 | Depths:2 | Your ally Bogward died
 50260 | Depths:2 | Bought a manual of Summonings for 1040 gold pieces
 50542 | Depths:2 | Found Tuisomudu's Antique Weapon Boutique.
 50570 | Depths:2 | Found a one-way gate leading to the halls of Pandemonium.
 50662 | Depths:2 | Found Muagiw's Armour Boutique.
 50708 | Depths:2 | Found Ucvilih's Antique Weapon Shoppe.
 50764 | Depths:3 | Found a runed translucent door.
 50764 | Depths:3 | Noticed Ohifu Siggabb's ghost (veteran MfIE)
 51061 | Depths:3 | Found Cuoblityh's Jewellery Shoppe.
 51062 | Depths:3 | Found Feder's Book Shop.
 51062 | Depths:3 | Found Annoton's Book Shop.
 51068 | Depths:3 | Bought a book of Power for 630 gold pieces
 51068 | Depths:3 | Bought a Grand Grimoire for 510 gold pieces
 51081 | Depths:3 | Learned a level 6 spell: Bombard
 51089 | Depths:3 | Learned a level 7 spell: Spellforged Servitor
 51101 | Depths:3 | Learned a level 8 spell: Summon Horrible Things
 51214 | Depths:3 | Identified the +3 robe of Lasm {Regen+ Int+4}
 51214 | Depths:3 | Noticed Boris
 51225 | Depths:3 | Killed Boris
 51265 | Depths:3 | Found a one-way gateway to a ziggurat.
 51392 | Depths:3 | Found a shimmering blue altar of Sif Muna.
 51440 | Depths:3 | Noticed an ancient lich
 51441 | Depths:3 | Noticed a dread lich
 51459 | Depths:3 | Killed an ancient lich
 51461 | Depths:3 | Killed a dread lich
 51527 | Depths:3 | Got the Incunabulum of Hexing
 51678 | Depths:3 | Got the Almanac of Position and the Rebis
 51700 | Depths:3 | Got Sif Muna's Vademecum on Terrain and Translocation
 51702 | Depths:3 | Got the Textbook on Akashic Silt
 51833 | Depths:4 | Entered Level 4 of the Depths
 52145 | Depths:4 | Your ally Bogfrid died
 52440 | Depths:4 | Found a gate to the Realm of Zot.
 52480 | Depths:4 | Reached XP level 25. HP: 194/194 MP: 41/43
 52513 | Depths:4 | Your ally Orkwin died
 52627 | Depths:4 | Identified the +6 demon whip "Pakh" {elec, rPois rC- rCorr
                  | Str+4}
 53401 | Slime:1  | Entered Level 1 of the Pits of Slime
 53488 | Slime:1  | Your ally Bogfrid died
 53676 | Slime:2  | Identified the +3 dagger "Lestriximp" {pain, *Rage Int+5}
 53676 | Slime:2  | Identified the +1 robe of Giwef {SInv Archmagi}
 53679 | Slime:2  | Was placed under penance by Beogh
 53679 | Slime:2  | Fled from a divine trial
 53919 | Slime:3  | Gained mutation: You have a somewhat thin skeletal
                  | structure. (Dex +2, Stealth+) [a shining eye]
 53965 | Slime:3  | Was forgiven by Beogh
 54816 | Slime:5  | Entered Level 5 of the Pits of Slime
 54950 | Slime:5  | Noticed the Royal Jelly
 54970 | Slime:5  | Killed the Royal Jelly
 54972 | Slime:5  | Your ally Orkwin died
 54977 | Slime:5  | Your ally Bogfrid died
 55071 | Slime:5  | Identified the ring of Cewiti {rPois EV+5 Str+3}
 55084 | Slime:5  | Identified the ring "Muorieri" {rN+ Int+2}
 55091 | Slime:5  | Identified the staff of Eternal War {rCorr Int+7 Dex-5
                  | Conj}
 55108 | Slime:5  | Identified the +3 broad axe "Efruz" {vamp, rPois}
 55137 | Slime:5  | Identified the +4 chain mail of Meog {Will+ Stlth+}
 55173 | Slime:5  | Got a slimy rune of Zot
 55215 | Slime:5  | Identified the +2 shortbow of Raumpegu {drain, rC++}
 55903 | Zot:1    | Entered Level 1 of the Realm of Zot
 56010 | Zot:1    | Reached skill level 5 in Translocations
 56222 | Zot:1    | Your ally Bogward died
 56891 | Zot:1    | Reached XP level 26. HP: 162/201 MP: 10/44
 57634 | Zot:2    | Noticed a Killer Klown
 57636 | Zot:2    | Noticed a Killer Klown
 57641 | Zot:2    | Killed a Killer Klown
 57649 | Zot:2    | Killed a Killer Klown
 57657 | Zot:2    | Reached skill level 19 in Summonings
 57796 | Zot:2    | Noticed an orb of fire
 57801 | Zot:2    | Your ally Bogward died
 57801 | Zot:2    | Your ally Orkwin died
 57803 | Zot:2    | Killed an orb of fire
 57900 | Zot:2    | Identified the +10 hand axe "Ogrebane" {flame, Fly Str+3}
 57940 | Zot:2    | Got the Papyrus of Friendly Black Arts
 57981 | Zot:4    | Reached skill level 20 in Summonings
 58011 | Zot:4    | Your ally Bogfrid died
 58075 | Zot:4    | Reached skill level 10 in Armour
 58476 | Zot:4    | Learned a level 7 spell: Malign Gateway
 58514 | Zot:4    | Your ally Bogfrid died
 58522 | Zot:4    | Your ally Orkwin died
 58873 | Zot:5    | Entered Level 5 of the Realm of Zot
 59030 | Zot:5    | Your ally Bogward died
 59155 | Zot:5    | Found a transporter.
 59155 | Zot:5    | Noticed PaleRider's ghost (master DrSh)
 59159 | Zot:5    | Found a transporter.
 59333 | Zot:5    | Noticed an ancient lich
 59514 | Zot:5    | Noticed an orb of fire
 59543 | Zot:5    | Killed an ancient lich
 59588 | Zot:5    | Noticed an orb of fire
 59619 | Zot:5    | Killed an orb of fire
 59670 | Zot:5    | Noticed an orb of fire
 59697 | Zot:5    | Killed an orb of fire
 59698 | Zot:5    | Reached XP level 27. HP: 201/207 MP: 15/44
 59762 | Zot:5    | Noticed an orb of fire
 59771 | Zot:5    | Killed an orb of fire
 59891 | Zot:5    | Noticed an orb of fire
 59906 | Zot:5    | Killed an orb of fire
 59963 | Zot:5    | Noticed an orb of fire
 60157 | Zot:5    | Killed an orb of fire
 60177 | Zot:5    | Noticed an orb of fire
 60186 | Zot:5    | Killed an orb of fire
 60213 | Zot:5    | Killed an orb of fire
 60484 | Zot:5    | Noticed an orb of fire
 60495 | Zot:5    | Killed an orb of fire
 60521 | Zot:5    | Your ally Orkwin died
 60523 | Zot:5    | Your ally Bogfrid died
 60704 | Zot:5    | Noticed an ancient lich
 60714 | Zot:5    | Killed an ancient lich
 60798 | Zot:5    | Noticed an orb of fire
 60801 | Zot:5    | Gained mutation: Your spells are a little easier to cast,
                  | but a little less powerful. [an orb of fire]
 60803 | Zot:5    | Gained mutation: Your flesh is cold resistant. (rC+) [an
                  | orb of fire]
 60814 | Zot:5    | Killed an orb of fire
 61064 | Zot:5    | Got the Orb of Zot
 61174 | Zot:5    | Noticed Rufilael the pandemonium lord
 61186 | Zot:5    | Killed Rufilael the pandemonium lord
 61538 | D:10     | Noticed Pij Jito the pandemonium lord
 61737 | D:$      | Escaped with the Orb!

Illustrated notes

Levels and vault maps discovered:
D:1:      mrwooster_arrival_statue_2, layout_loops_ring, minmay_pentomino_v4
D:2:      minmay_inner_zag, layout_basic, serial_shops,
          nicolae_shop_window_shopping, shop, nicolae_shop_peninsula,
          nicolae_shop_hallway_plus
D:3:      layout_loops_cross, hellmonk_ecumenical_altar_zigzags
D:4:      minmay_razor_zed, layout_basic, elyvilon_altar_3,
          nicolae_ossuary_entry_ruins, minmay_misc_feat_enclosed
D:5:      layout_layer_cave, nicolae_yredelemnul_corpse_copse, glass_columns_b
D:6:      layout_cave_pools, mainiacjoe_overflow_catwalk, serial_shops,
          shop_statue, minmay_manual_moon, uniq_grinder
D:7:      layout_rooms, general_overflow_altar
D:8:      layout_gridville
D:9:      layout_roguey [special_room_kobold], slow_altar_1,
          nicolae_ru_awakened_eye, lair_entry_dummy, mrwooster_statue_mirror
D:10:     layout_basic, minmay_overflow_temple_star_quad, serial_demonic,
          serial_demonic_d, serial_demonic_b, serial_demonic_e,
          serial_demonic_c, serial_demonic_c, enter_bailey_5,
          kennysheep_flooded_box, minmay_librarian, uniq_grum, uniq_joseph,
          uniq_erica
D:11:     layout_irregular_city
D:12:     layout_rooms, erik_orc_3, hangedman_cracks_in_the_wall
D:13:     nicolae_cairo_tiling, layout_irregular_city, david_vaults_1,
          uniq_snorg
D:14:     minmay_swirls_squares, layout_grid_maze,
          nicolae_hepliaklqana_hazy_memory, uniq_josephine
D:15:     grunt_enter_depths_magical_seal, layout_basic, trove_entry_hex_spiral
Temple:   nicolae_temple_figure_eight
Lair:1:   layout_small_grid, uniq_amaemon
Lair:2:   layout_roguey, nicolae_shoals_entry_roost
Lair:3:   layout_gridlike, dummy_spider_entry, enter_volcano_2,
          lemuel_fruit_tree, grunt_megastairs_2
Lair:4:   layout_long_grid, basic_altar, cheibrodos_lair_lostbears, uniq_sonja,
          uniq_rupert
Lair:5:   cheibrodos_lair_end_hotspot, layout_loops_ring, slime_entry_1,
          minivault_11, st_stairs_13, infiniplex_staircase_pool_2
Shoals:1: layout_shoals, ebering_ghost_gozag
Shoals:2: layout_shoals, uniq_ilsuiw
Shoals:3: layout_shoals, nzn_prometheus_bound
Shoals:4: shoals_end_hellmonk_lost_city
Spider:1: layout_chambers, uniq_louise
Spider:2: nicolae_spider_jumping_over_cracks [nicolae_spider_jumping_sub_pools,
          nicolae_spider_jumping_sub_shuffled, nicolae_spider_jumping_sub_plain,
          nicolae_spider_jumping_sub_stairs]
Spider:3: layout_chambers, nicolae_spider_eight_legs, uniq_arachne, uniq_roxanne
Spider:4: johnstein_spider_rune_arachne_lair
Slime:1:  layout_caves
Slime:2:  layout_caves
Slime:3:  layout_caves, nicolae_slime_getting_an_eyeful
Slime:4:  layout_caves, nicolae_slime_round_cave
Slime:5:  slime_pit
Orc:1:    layout_caves, serial_shops, nicolae_square_shop, basic_altar,
          minmay_orc_keep
Orc:2:    grunt_orc_cross, layout_caves, nicolae_orc_lava_room, uniq_donald
Elf:1:    nicolae_elf_arrival_fired_up, layout_geoelf_octagon, serial_shops,
          nicolae_shop_hallway_plus
Elf:2:    nicolae_elf_blades_crystal_corner, layout_gridlike, serial_shops,
          nicolae_shop_window_shopping, uniq_nikola
Elf:3:    minmay_elf_hall_dome, layout_loops_corners, uniq_bai_suzhen
Vaults:1: lightli_enter_wizlab_magi_temple, nicolae_vaults_tetromino_T_2,
          hangedman_vaults_trim, nicolae_vaults_little_ls,
          nicolae_vaults_big_angled_halls, nicolae_vaults_storage_closets_2,
          v_misc_32, nicolae_vaults_little_squares_4, nicolae_vaults_six-pack,
          layout_vaults_omnigrid
Vaults:2: nicolae_vaults_storage_closets_1, v_misc_18,
          nicolae_vaults_network_star, nicolae_vaults_big_ls,
          hangedman_vaults_corner, minmay_crypt_entry_vampire_xt, v_misc_27,
          nicolae_vaults_lightning_bolt, ontoclasm_vaults_gateway,
          layout_vaults_omnicross
Vaults:3: v_rooms_3, vaults_room_pools, nicolae_vaults_oval_intersection,
          nicolae_vaults_offset_grid_hallway_3, nicolae_vaults_network_s,
          v_pattern_5, nicolae_vaults_border_crossing,
          nicolae_vaults_closet_pinwheel_2, gammafunk_the_bubble
          [the_bubble_gammafunk_crates], grunt_vaults_swirl,
          nicolae_vaults_angled_halls, nicolae_vaults_tetromino_Z_2,
          layout_vaults_maze
Vaults:4: nicolae_vaults_corpse_flower, nicolae_vaults_spaceships,
          nicolae_vaults_gold_heap, nicolae_vaults_mitosis, vaults_dpeg_hooks,
          hangedman_vaults_trim, nicolae_vaults_sesquioval_fish,
          nicolae_vaults_sightless_eye, nicolae_vaults_three_branches,
          lemuel_angel_altar, v_misc_24, nicolae_vaults_double_plus_1,
          nicolae_vaults_shelves_hall, nicolae_vaults_house_2,
          nicolae_vaults_little_squares_6, layout_vaults_ring
Vaults:5: uniq_xtahua, uniq_margery, uniq_frederick
Depths:1: layout_basic, abyss_entry_flame_altar, pf_coc_iceberg,
          minmay_strange_pillars, hangedman_blasphemy, minmay_shoptagon,
          uniq_boris
Depths:2: kennysheep_blocky_hall, layout_gridville, hell_entry, serial_shops,
          nicolae_shop_dealshenge, shop, nicolae_shop_peninsula,
          nicolae_shop_crystal, shop, nemelex_xobeh_ov_fountains_minmay,
          pan_entry
Depths:3: evilmike_library_of_no_secrets, layout_small_grid, enter_ziggurat_f,
          minmay_room_of_horrors, hellmonk_ghost_big_iron,
          minmay_staircase_windowed_large, hell_entry, minmay_shop_grove,
          uniq_josephina
Depths:4: grunt_zot_entry_pinwheel, layout_gridville, minmay_hedge_maze,
          hellmouth_2, abyss_entry
Zot:1:    layout_gridlike, hangedman_zot_decor_checkerboard, grunt_megastairs_1
Zot:2:    layout_misc_corridors, regret_index_zotdec_stipple_waver,
          regret_index_zotdec_dark_gr, hangedman_player_shredder
Zot:3:    layout_misc_corridors
Zot:4:    layout_misc_corridors
Zot:5:    layout_misc_corridors, gammafunk_ghost_arena, st_stairs_2

Skill      XL: |  1  2  3  4  5  6  7  8  9 10 11 12 13 14 15 16 17 18 19 20 21 22 23 24 25 26 27 |
---------------+----------------------------------------------------------------------------------+-----
Stealth        | 2 3 |  3.0
Fighting       | 1 2 3 4 6 8 9 11 12 14 15 17 | 17.2
Spellcasting   | 2 3 4 7 9 11 12 14 15 16 17 18 | 18.4
Evocations     | 2 3 4 5 6 7 9 12 16 18 | 18.0
Summonings     | 5 7 8 9 10 11 12 13 17 18 20 | 20.0
Fire Magic     | 1 3 4 5 7 9 |  9.0
Air Magic      | 5 7 9 |  9.0
Invocations    | 5 7 9 10 | 10.0
Dodging        | 2 5 6 8 9 10 12 15 16 | 16.0
Conjurations   | 6 8 |  8.0
Earth Magic    | 5 7 9 |  9.0
Armour         | 2 5 7 8 9 13 | 13.0
Hexes          | 5 6 |  6.0
Polearms       | 1 5 7 |  7.3
Staves         | 1 3 6 7 8 |  8.8
Translocations | 3 4 7 9 |  9.0
Necromancy     | 4 8 |  8.0

Action                     |  1- 3 |  4- 6 |  7- 9 | 10-12 | 13-15 | 16-18 | 19-21 | 22-24 | 25-27 || total
---------------------------+-------+-------+-------+-------+-------+-------+-------+-------+-------++-------
  Melee: Dagger            |    52 |    47 |    74 |    22 |       |       |       |       |       ||   195
         Spear             |       |       |    97 |   116 |   196 |       |       |       |       ||   409
         Staff             |       |       |       |    57 |   149 |   134 |   184 |   198 |   188 ||   910
         Demon trident     |       |       |       |       |     1 |   293 |   369 |   149 |       ||   812
  Throw: Stone             |     1 |       |       |       |       |       |       |       |       ||     1
         Dart              |       |     1 |     1 |       |     4 |       |       |       |       ||     6
   Cast: Summon Small Mamm |    70 |    51 |    66 |     1 |       |       |       |       |       ||   188
         Call Imp          |    20 |    29 |    33 |     5 |     2 |       |       |       |       ||    89
         Call Canine Famil |       |     7 |    41 |    11 |       |       |       |       |       ||    59
         Summon Blazeheart |       |       |     7 |     6 |     1 |       |       |       |       ||    14
         Summon Lightning  |       |       |    12 |    33 |    43 |    37 |     2 |       |       ||   127
         Stone Arrow       |       |       |       |       |   189 |    92 |   106 |    27 |       ||   414
         Summon Mana Viper |       |       |       |       |    12 |    98 |    52 |    19 |    12 ||   193
         Blink             |       |       |       |       |       |     2 |     2 |     1 |     2 ||     7
         Summon Cactus Gia |       |       |       |       |       |    11 |    35 |     8 |       ||    54
         Martyr's Knell    |       |       |       |       |       |       |    42 |    53 |    43 ||   138
         Monstrous Menager |       |       |       |       |       |       |    13 |    61 |       ||    74
         Summon Forest     |       |       |       |       |       |       |     4 |    34 |    50 ||    88
         Passwall          |       |       |       |       |       |       |       |     1 |       ||     1
         Spellforged Servi |       |       |       |       |       |       |       |    10 |    43 ||    53
         Summon Horrible T |       |       |       |       |       |       |       |     5 |    93 ||    98
         Plasma Beam       |       |       |       |       |       |       |       |     4 |    15 ||    19
         Bombard           |       |       |       |       |       |       |       |     1 |    50 ||    51
         Malign Gateway    |       |       |       |       |       |       |       |       |    15 ||    15
 Invoke: Convert to Beogh  |       |     1 |       |       |       |       |       |       |       ||     1
         Recall Apostles   |       |       |       |     3 |    14 |    12 |    23 |    22 |     8 ||    82
         Recruit Apostle   |       |       |       |     2 |     2 |     1 |     2 |       |       ||     7
         Smiting           |       |       |       |     1 |    57 |    40 |    52 |    31 |    66 ||   247
         Dismiss Apostle   |       |       |       |       |     1 |     1 |     2 |       |       ||     4
         Blood for Blood   |       |       |       |       |       |     1 |       |     1 |       ||     2
Ability: Begin Untransform |     1 |       |       |       |       |       |       |       |       ||     1
  Evoke: Wand              |       |       |     7 |     8 |     8 |     9 |     3 |     2 |    43 ||    80
         Condenser vane    |       |       |       |       |       |       |     3 |     2 |     3 ||     8
         Sack of spiders   |       |       |       |       |       |       |       |     2 |     5 ||     7
    Use: Scroll            |     2 |     8 |    10 |     6 |    18 |    14 |     6 |     9 |    12 ||    85
         Potion            |       |     2 |       |       |     5 |     7 |     4 |    11 |    31 ||    60
   Stab: Sleeping          |     1 |       |     5 |     2 |     3 |     1 |     6 |       |     1 ||    19
         Distracted        |       |     1 |     2 |     3 |     3 |    10 |     5 |     8 |     3 ||    35
         Invisible         |       |       |       |       |       |     3 |       |       |       ||     3
 Armour: Robe              |    13 |    12 |    59 |       |       |       |       |       |       ||    84
         Troll leather arm |       |       |       |    63 |   171 |   232 |   244 |   218 |   250 ||  1178
         Leather armour    |       |       |       |       |     2 |       |       |       |       ||     2
  Dodge: Dodged            |    23 |     8 |    59 |   134 |   276 |   353 |   220 |   187 |   315 ||  1575
         Repelled          |       |       |     3 |       |       |       |       |       |       ||     3
  Block: Other             |     6 |     3 |    28 |     6 |       |       |       |       |       ||    43
         Reflection        |       |       |     4 |     1 |       |       |       |       |       ||     5
   Form: Beast             |     1 |       |       |       |       |       |       |       |       ||     1

Table legend: (Time is in decaauts)
 A = Elapsed time spent in this place.
 B = Non-inter-level travel time spent in this place.
 C = Inter-level travel time spent in this place.
 D = Time resting spent in this place.
 E = Time spent auto-exploring this place.
 F = Levels seen in this place.
 G = Mean time per level.
                   A        B        C        D        E       F      G
               +--------+--------+--------+--------+--------+-----+--------+
         Total |  62588 |  57529 |   5059 |   5544 |  36855 |  57 | 1098.0 |
       Dungeon |  21580 |  19329 |   2251 |   2038 |  12566 |  15 | 1438.7 |
        Temple |     64 |     64 |      0 |     50 |      0 |   1 |   64.0 |
          Lair |   5276 |   4593 |    683 |    153 |   3288 |   5 | 1055.2 |
        Shoals |   3953 |   3794 |    159 |    239 |   2567 |   4 |  988.2 |
   Spider Nest |   5661 |   5458 |    203 |    530 |   3634 |   4 | 1415.2 |
    Slime Pits |   2095 |   1929 |    166 |    591 |    721 |   5 |  419.0 |
  Orcish Mines |   1539 |   1150 |    389 |      0 |    867 |   2 |  769.5 |
   Elven Halls |   3603 |   3363 |    240 |    334 |   2273 |   3 | 1201.0 |
        Vaults |   8010 |   7639 |    371 |    426 |   5180 |   5 | 1602.0 |
        Depths |   4302 |   3955 |    347 |     90 |   2708 |   4 | 1075.5 |
           Zot |   5311 |   5065 |    246 |    920 |   2545 |   5 | 1062.2 |
       Ossuary |    499 |    499 |      0 |    132 |    148 |   1 |  499.0 |
        Bailey |    325 |    325 |      0 |      2 |    202 |   1 |  325.0 |
       Volcano |    355 |    355 |      0 |     38 |    154 |   1 |  355.0 |
        Wizlab |      7 |      7 |      0 |      0 |      0 |   1 |    7.0 |
               +--------+--------+--------+--------+--------+-----+--------+

Top non-repeatable levels by time:
     D:1: 2609 daAuts
     D:2: 2443 daAuts
   Zot:5: 2303 daAuts
Vaults:5: 1938 daAuts
Spider:4: 1886 daAuts
Spider:3: 1881 daAuts
     D:4: 1826 daAuts
   Elf:3: 1735 daAuts
Vaults:4: 1730 daAuts
   Zot:1: 1692 daAuts
     D:5: 1672 daAuts
    D:10: 1551 daAuts
Vaults:1: 1536 daAuts
    D:12: 1515 daAuts
     D:3: 1496 daAuts
